 Dungeon Crawl Stone Soup version 0.32-a0-893-gf85d74f (webtiles) character file.

Game seed: 8770085206559649018

238 danspanner the Trooper (level 5, 0/42 HPs)
             Began as a Demonspawn Fighter on Apr 3, 2024.
             Killed from afar by a white imp (7 damage)
             ... with a puff of frost
             ... on level 6 of the Dungeon.
             The game lasted 00:10:10 (1953 turns).

danspanner the Trooper (Demonspawn Fighter)         Turns: 1953, Time: 00:10:10

Health: 0/42       AC:  9    Str: 18    XL:     5   Next: 78%
Magic:  5/5        EV:  8    Int:  9    God:
Gold:   108        SH:  5    Dex: 16    Spells: 4/4 levels left

rFire   . . .        a - +1 flail
rCold   . . .        c - +0 buckler
rNeg    . . .        b - +0 scale mail
rPois   .            (no helmet)
rElec   .            h - +0 cloak
rCorr   .            (no gloves)
SInv    .            f - +0 pair of boots
Will    .....        (no amulet)
Stlth   ++           (no ring)
HPRegen 0.27/turn    (no ring)
MPRegen 0.09/turn

%: no passive effects
@: no status effects
A: thin skeletal structure 2, demonic magic 1
a: no special abilities


You were on level 6 of the Dungeon.
You visited 1 branch of the dungeon, and saw 4 of its levels.

You collected 108 gold pieces.

Inventory:

Hand Weapons
 a - a +1 flail (weapon)
Armour
 b - a +0 scale mail (worn)
 c - a +0 buckler (worn)
 f - a +0 pair of boots (worn)
 h - a +0 cloak (worn)
Wands
 i - a wand of polymorph (11)
Potions
 d - a potion of might
 g - a potion of invisibility
 k - a potion of haste {unknown}
 l - 2 potions of mutation
 m - a potion of heal wounds {unknown}


   Skills:
 + Level 4.1 Fighting
 + Level 3.1 Maces & Flails
 + Level 3.7 Armour
 + Level 3.7 Shields


You had 4 spell levels left.
You didn't know any spells.
Your spell library was empty.

Dungeon Overview and Level Annotations

Branches:
Dungeon (6/15)
 Temple: D:4-7

Altars:

Annotations:
D:6 Eustachio


Innate Abilities, Weirdness & Mutations

You have a moderately thin skeletal structure. (Dex +4, Stealth++)
Spells you cast may paralyse adjacent enemies.


Message History

The shadow imp is almost dead.
The bat hits you but does no damage. The bat hits you.
* * * LOW HITPOINT WARNING * * *
The shadow imp hits you.
* * * LOW HITPOINT WARNING * * *
You barely miss the shadow imp.
The shadow imp is almost dead.
The shadow imp disappears in a puff of smoke!
The bat barely misses you. x3; You block the bat's attack.
You miss the bat.
Eustachio looks more healthy.
The bat hits you but does no damage. x2; The bat closely misses you.
The bat hits you but does no damage. The bat barely misses you.
The bat hits you but does no damage. You block the bat's attack.
The bat hits you but does no damage. The bat barely misses you.
The bat closely misses you.
Eustachio mumbles some strange words.
Eustachio blinks!
You see here a scroll of immolation.
The bat hits you.
* * * LOW HITPOINT WARNING * * *
You block the bat's attack. The bat hits you but does no damage.
You block the bat's attack. The bat attacks as it pursues you!
The bat hits you but does no damage. x2
You block the bat's attack. The bat hits you but does no damage.
The bat barely misses you. You block the bat's attack.
The bat hits you but does no damage. The bat barely misses you.
The bat attacks as it pursues you! The bat barely misses you.
You block the bat's attack.
The white imp shouts!
The bat hits you but does no damage. The white imp gestures at you.
The puff of frost hits you but does no damage.
The bat barely misses you. The white imp gestures at you.
The puff of frost hits you!
You die...

#.# #####?# #...bb#
#.#####
#@###################
#.##......5..........
#.##5################
#b##.# # #b##@#
#.##b# #####.##b#
#....b.bb# #.###.####
#.. ####


You could see a white imp and 4 bats.

Vanquished Creatures
  A sky beast (D:6)
  A bombardier beetle (D:3)
  A jelly (D:3)
  3 adders
  A dart slug (D:2)
  An orc (D:6)
  3 endoplasms (D:1)
  5 giant cockroaches
  6 goblins
  7 hobgoblins
  3 quokkas
  4 ball pythons
  A bat (D:2)
  4 frilled lizards
  10 kobolds
  6 rats
57 creatures vanquished.

Notes
Turn   | Place    | Note
-------+----------+-------------------------------------------
     0 | D:1      | danspanner the Demonspawn Fighter began the quest for the
                  | Orb.
     0 | D:1      | Reached XP level 1. HP: 18/18 MP: 1/1
   128 | D:1      | Gained mutation: You have a somewhat thin skeletal
                  | structure. (Dex +2, Stealth+) [demonic ancestry]
   128 | D:1      | Reached XP level 2. HP: 24/24 MP: 2/2
   878 | D:2      | Gained mutation: You have a moderately thin skeletal
                  | structure. (Dex +4, Stealth++) [demonic ancestry]
   878 | D:2      | Reached XP level 3. HP: 13/29 MP: 3/3
  1499 | D:3      | Gained mutation: Spells you cast may paralyse adjacent
                  | enemies. [demonic ancestry]
  1499 | D:3      | Reached XP level 4. HP: 35/35 MP: 4/4
  1817 | D:3      | Reached XP level 5. HP: 42/42 MP: 5/5
  1824 | D:3      | You fall into a shaft and drop 3 floors!
  1826 | D:6      | Noticed a sky beast
  1848 | D:6      | Killed a sky beast
  1849 | D:6      | Reached skill level 4 in Fighting
  1909 | D:6      | Noticed Eustachio
  1934 | D:6      | HP: 2/42 [shadow imp[Eustachio] (2)]
  1953 | D:6      | Killed from afar by a white imp

Illustrated notes

Levels and vault maps discovered:
D:1:      minmay_arrival_solitary_statue, layout_loops_ring,
          chequers_serial_rivers_marsh, minmay_misc_feat_tiny
D:2:      layout_basic
D:3:      layout_basic, serial_shops, shop
D:6:      layout_loops_ring, uniq_eustachio

Skill      XL: |  1  2  3  4  5 |
---------------+----------------+-----
Maces & Flails | 2 3 |  3.1
Armour         | 3 |  3.7
Shields        | 3 |  3.7
Fighting       | 4 |  4.1

Action                     |  1- 3 |  4- 6 || total
---------------------------+-------+-------++-------
  Melee: Flail             |   136 |    60 ||   196
    Use: Scroll            |     4 |     3 ||     7
   Stab: Sleeping          |     1 |     1 ||     2
 Armour: Scale mail        |    87 |    63 ||   150
  Dodge: Dodged            |    59 |    40 ||    99
  Block: Buckler           |    44 |    18 ||    62

Table legend: (Time is in decaauts)
 A = Elapsed time spent in this place.
 B = Non-inter-level travel time spent in this place.
 C = Inter-level travel time spent in this place.
 D = Time resting spent in this place.
 E = Time spent auto-exploring this place.
 F = Levels seen in this place.
 G = Mean time per level.
                   A        B        C        D        E       F      G
               +--------+--------+--------+--------+--------+-----+--------+
         Total |   2019 |   1970 |     49 |     60 |   1323 |   4 |  504.8 |
       Dungeon |   2019 |   1970 |     49 |     60 |   1323 |   4 |  504.8 |
               +--------+--------+--------+--------+--------+-----+--------+

Top non-repeatable levels by time:
     D:1: 877 daAuts
     D:2: 637 daAuts
     D:3: 364 daAuts
     D:6: 140 daAuts
